 Dungeon Crawl Stone Soup version 0.26.1-2-gb8aa6d0cf2 (webtiles) character file.

Game seed: 8606822191084727758

606 deafmute the Skirmisher (level 7, -1/56 HPs)
             Began as a Human Fighter on Mar 6, 2021.
             Slain by an ice beast (12 damage)
             ... on level 4 of the Dungeon.
             The game lasted 00:13:25 (4602 turns).

deafmute the Skirmisher (Human Fighter)             Turns: 4602, Time: 00:13:25

Health: -1/56      AC:  9    Str: 18    XL:     7   Next: 70%
Magic:  7/7        EV: 10    Int:  8    God:
Gold:   40         SH:  5    Dex: 19    Spells: 6/6 levels left

rFire    . . .     SeeInvis .   y - +2 great sword (holy)
rCold    . . .     Faith    .   (shield currently unavailable)
rNeg     . . .     Spirit   .   b - +0 scale mail
rPois    .         Reflect  +   (no helmet)
rElec    .         Harm     .   (no cloak)
rCorr    .         Rampage  .   j - +0 pair of gloves
Will     .....                  q - +0 pair of boots
Stlth    +.........             m - amulet of reflection
HPRegen  0.18/turn              i - +6 ring of dexterity
MPRegen  0.10/turn              x - ring of stealth

@: no status effects
A: no striking features
a: no special abilities


You were on level 4 of the Dungeon.
You visited 1 branch of the dungeon, and saw 5 of its levels.

You collected 315 gold pieces.
You spent 275 gold pieces at shops.

Inventory:

Hand Weapons
 a - a +0 long sword
 y - a +2 great sword of holy wrath (weapon)
Armour
 b - a +0 scale mail (worn)
 c - a +0 kite shield
 j - a +0 pair of gloves (worn)
 q - a +0 pair of boots (worn)
Jewellery
 i - a +6 ring of dexterity (left hand)
 l - an uncursed ring of ice
 m - an amulet of reflection (around neck)
 v - an uncursed ring of wizardry
 x - a ring of stealth (right hand)
Wands
 s - a wand of random effects (15)
Scrolls
 d - a scroll of enchant armour {unknown}
 f - 3 scrolls of identify
 g - 3 scrolls of amnesia
 h - 4 scrolls of remove curse
 o - a scroll of blinking {unknown}
 w - 2 scrolls of enchant weapon {unknown}
Potions
 e - 3 potions of haste
 k - a potion of flight {unknown}
 n - 3 potions of brilliance
 p - a potion of ambrosia {unknown}
 r - a potion of heal wounds {unknown}
 t - 2 potions of cancellation {unknown}
 u - 2 potions of invisibility {unknown}


   Skills:
 + Level 5.0 Fighting
 - Level 4.8 Long Blades
 + Level 5.0 Armour
 + Level 1.6 Dodging
 - Level 3.3 Shields


You had 6 spell levels left.
You didn't know any spells.
Your spell library was empty.

Dungeon Overview and Level Annotations

Branches:
Dungeon (5/15)
 Temple: D:4-7

Altars:
Elyvilon
Gozag
The Shining One

Shops:
D:4 (   D:5 (


Message History

The ufetubus hits you but does no damage. x2
The ice beast closely misses you.
You riposte.
You slash the ice beast!
The ice beast is heavily wounded.
The ufetubus hits you but does no damage.
You block the ufetubus's attack.
You climb upwards.
Reactivating autopickup.
There is a stone staircase leading down here.
You closely miss the ice beast.
The ice beast is heavily wounded.
You block the ufetubus's attack.
The ufetubus hits you but does no damage.
The ice beast barely misses you. The ufetubus closely misses you.
The ufetubus hits you but does no damage.
You hit the ice beast but do no damage.
The ice beast is heavily wounded.
You block the ufetubus's attack. x2; The ice beast hits you.
* * * LOW HITPOINT WARNING * * *
The ice beast freezes you!
You die...

#..........#......# #####
######.....#......# #....
#.....#......# #....
#.....#......### #....
#.....#........# #....
#.....#......#.# #....
#.....#......#.# #....
#######.......5....########....
#.............@................
#.######.......Y..########.....
#.#...............## #.....
#.#####............# #.....
#..................#### #.....
###########...........# #.....
#.<.........# #.....
#...........####.....
#...........'........


You could see an ice beast and an ufetubus.

Vanquished Creatures
  A phantom (D:5)
  A scorpion (D:4)
  2 hounds (D:4)
  3 orc priests
  2 orc wizards
  Terence (D:3)
  2 worker ants
  A hound zombie (D:4)
  5 gnolls
  5 adders
  2 worms
  3 dart slugs (D:1)
  5 leopard geckos
  13 orcs
  4 giant cockroaches
  4 goblins
  2 hobgoblins (D:1)
  8 jackals (D:3)
  A ball python (D:2)
  12 bats
  4 frilled lizards
  6 kobolds
  2 rats (D:1)
89 creatures vanquished.

Notes
Turn   | Place    | Note
-------+----------+-------------------------------------------
     0 | D:1      | deafmute the Human Fighter began the quest for the Orb.
     0 | D:1      | Reached XP level 1. HP: 18/18 MP: 1/1
   191 | D:1      | Reached XP level 2. HP: 21/24 MP: 2/2
   489 | D:1      | You fall into a shaft and drop 1 floor!
   509 | D:2      | Reached XP level 3. HP: 29/29 MP: 3/3
  1182 | D:2      | Reached XP level 4. HP: 35/35 MP: 4/4
  1199 | D:2      | Found an opulent altar of Gozag.
  1291 | D:2      | Found a glowing golden altar of the Shining One.
  1652 | D:3      | Noticed Terence
  1889 | D:3      | Reached XP level 5. HP: 42/42 MP: 5/5
  1976 | D:3      | Killed Terence
  2048 | D:3      | Found a white marble altar of Elyvilon.
  2786 | D:4      | HP: 2/42 [orc/+0 war axe (6)]
  2792 | D:4      | HP: 1/42 [orc/+0 war axe (1)]
  3140 | D:4      | Reached XP level 6. HP: 31/48 MP: 6/6
  3626 | D:4      | Found Suhasa's Weapon Emporium.
  3673 | D:4      | Reached XP level 7. HP: 22/55 MP: 7/7
  4233 | D:5      | Entered Level 5 of the Dungeon
  4248 | D:5      | Found Plog's Antique Weapon Emporium.
  4256 | D:5      | Bought a runed great sword for 275 gold pieces
  4538 | D:5      | Reached skill level 1 in Dodging
  4565 | D:5      | Paralysed by an orc for 3 turns
  4572 | D:5      | Paralysed by an orc for 4 turns
  4577 | D:5      | Reached skill level 5 in Fighting
  4581 | D:5      | Reached skill level 5 in Armour
  4602 | D:4      | Slain by an ice beast

Illustrated notes

Levels and vault maps discovered:
D:1:      saegor_arrival_simple_b, layout_loops_ring, serial_bayou_lagoon_a,
          chequers_mini_garden, minmay_pentomino_u4
D:2:      layout_rooms, tso_metal_star, nicolae_overflow_hidden_temple,
          st_stairs_14, kennysheep_small_spiral
D:3:      layout_basic, kennysheep_path_1, elyvilon_altar_1, uniq_terence
D:4:      layout_basic, serial_shops, nicolae_shop_trees
D:5:      layout_rooms, demons_altar, serial_shops, shop_fountains, shop,
          minmay_misc_feat_nine_boxes, okawaru_ov_weapons_minmay

Skill      XL: |  1  2  3  4  5  6  7 |
---------------+----------------------+-----
Long Blades    | 3 4 |  4.8
Fighting       | 4 5 |  5.0
Armour         | 4 5 |  5.0
Dodging        | 1 |  1.6
Shields        | |  3.3

Action                   |  1- 3 |  4- 6 |  7- 9 || total
-------------------------+-------+-------+-------++-------
Melee: Long sword        |    84 |   212 |    15 ||   311
       Great sword       |       |       |    35 ||    35
  Use: Potion            |     1 |       |       ||     1
       Scroll            |     2 |     3 |       ||     5
Armor: Scale mail        |    47 |    99 |    40 ||   186
Dodge: Dodged            |    28 |    61 |    37 ||   126
Block: Kite shield       |    62 |   207 |    11 ||   280
       Reflection        |       |     6 |       ||     6
       Other             |       |       |    16 ||    16
       Rpst.: Long sword |    11 |    23 |       ||    34
       Great sword       |       |       |     6 ||     6
